TOP OF THE 1ST |
Kingsport Mets batting - Pitching for Chicago (APP) Cubs : RHP Karl Stuart
|
Pitching: RHP Karl Stuart
|
|
Batting: RHB John Jones
|
0-0: Ball 1-0: Ball 2-0: Ball 3-0: Base on Balls
|
Batting: RHB Josh Jones
|
0-0: Foul Ball, location: 2F 0-1: Ball John Jones steals 2nd, throwing error, E2 John Jones to third 1-1: Fly out, F9 (Flyball, 9S, EV 88.1 MPH)
|
Batting: RHB Kyle Holland
|
0-0: Ground out 6-3 (Groundball, 6, EV 86.9 MPH) John Jones scores
|
Batting: RHB Steve Page
|
0-0: Called Strike 0-1: Foul Ball, location: 2F 0-2: Ball 1-2: Ball 2-2: Ball 3-2: Fly out, F8 (Flyball, 8RS, EV 81.9 MPH)
|
Top of the 1st over - 1 run, 0 hits, 1 error, 0 left on base; Kingsport 1 - Chicago (APP) 0 |
BOTTOM OF THE 1ST |
Chicago (APP) Cubs batting - Pitching for Kingsport Mets : RHP Gabe Kelso
|
Pitching: RHP Gabe Kelso
|
|
Batting: RHB Andy Huntley
|
0-0: Fly out, F3 (Popup, 3SF, EV 75.0 MPH)
|
Batting: RHB Leonardo Nava
|
0-0: Ball 1-0: Foul Ball, location: 2F 1-1: SOLO HOME RUN (Flyball, 9LD, EV 95.6 MPH), Distance : 346 ft
|
Batting: RHB Tak-keung Chieu
|
0-0: Ball 1-0: Foul Ball, location: 2F 1-1: Ball 2-1: Foul Ball, location: 2F 2-2: Foul Ball, location: 2F 2-2: Ball 3-2: Fly out, F7 (Flyball, 7D, EV 91.9 MPH)
|
Batting: RHB Ryan Bush
|
0-0: Ball 1-0: Ball 2-0: Called Strike 2-1: Ground out 5-3 (Groundball, 5, EV 88.8 MPH)
|
Bottom of the 1st over - 1 run, 1 hit, 0 errors, 0 left on base; Kingsport 1 - Chicago (APP) 1 |
TOP OF THE 2ND |
Kingsport Mets batting - Pitching for Chicago (APP) Cubs : RHP Karl Stuart
|
Batting: SHB Jason Evans
|
0-0: TRIPLE (Groundball, 3L, EV 107.5 MPH)
|
Batting: RHB Danny Runberg
|
0-0: Swinging Strike 0-1: Swinging Strike 0-2: Strikes out swinging
|
Batting: SHB Callum Lynch
|
0-0: Ball 1-0: Ball 2-0: Swinging Strike 2-1: Ground out 6-3 (Groundball, 6, EV 83.8 MPH) Jason Evans scores
|
Batting: RHB Jack Nickleberry
|
0-0: Ball 1-0: Ball 2-0: Called Strike 2-1: Called Strike 2-2: Ground out 1-3 (Groundball, 13, EV 72.5 MPH)
|
Top of the 2nd over - 1 run, 1 hit, 0 errors, 0 left on base; Kingsport 2 - Chicago (APP) 1 |
BOTTOM OF THE 2ND |
Chicago (APP) Cubs batting - Pitching for Kingsport Mets : RHP Gabe Kelso
|
Batting: SHB Gabriel Cruz
|
0-0: Called Strike 0-1: Swinging Strike 0-2: Ball 1-2: Foul Ball, location: 2F 1-2: Ball 2-2: Fly out, F9 (Line Drive, 9, EV 95.6 MPH)
|
Batting: LHB Mark Ingram
|
0-0: Foul Ball, location: 2F 0-1: Ball 1-1: Ball 2-1: Foul Ball, location: 2F 2-2: Ball 3-2: Base on Balls
|
Batting: RHB Han-seung Hah
|
0-0: Ball 1-0: Called Strike 1-1: Fly out, F3 (Popup, 23, EV 85.0 MPH)
|
Batting: RHB Randy Schmitt
|
0-0: Called Strike Mark Ingram is caught stealing 2nd base 2-4
|
Bottom of the 2nd over - 0 runs, 0 hits, 0 errors, 0 left on base; Kingsport 2 - Chicago (APP) 1 |
TOP OF THE 3RD |
Kingsport Mets batting - Pitching for Chicago (APP) Cubs : RHP Karl Stuart
|
Batting: LHB Mototsune Suzuki
|
0-0: Called Strike 0-1: Foul Ball, location: 2F 0-2: Ground out 6-3 (Groundball, 6, EV 80.6 MPH)
|
Batting: RHB John Jones
|
0-0: Ball 1-0: Ball 2-0: Ball 3-0: Called Strike 3-1: Base on Balls
|
Batting: RHB Josh Jones
|
0-0: Ball John Jones is caught stealing 2nd base 2-4 1-0: Foul Ball, location: 2F 1-1: Foul Ball, location: 2F 1-2: Ball 2-2: Ground out U3 (Groundball, 3L, EV 104.4 MPH)
|
Top of the 3rd over - 0 runs, 0 hits, 0 errors, 0 left on base; Kingsport 2 - Chicago (APP) 1 |
BOTTOM OF THE 3RD |
Chicago (APP) Cubs batting - Pitching for Kingsport Mets : RHP Gabe Kelso
|
Batting: RHB Randy Schmitt
|
0-0: Called Strike 0-1: Ground out 6-3 (Groundball, 6, EV 110.0 MPH)
|
Batting: RHB Jake Mitchell
|
0-0: Ball 1-0: Ball 2-0: Ball 3-0: Called Strike 3-1: Foul Ball, location: 2F 3-2: Base on Balls
|
Batting: RHB Andy Huntley
|
0-0: Foul Ball, location: 2F 0-1: Swinging Strike 0-2: Fielders Choice at 2nd, 1-6 (Groundball, 13S, EV 72.5 MPH)
|
Batting: RHB Leonardo Nava
|
0-0: Ball 1-0: Ball 2-0: Ball 3-0: Called Strike 3-1: Foul Ball, location: 2F 3-2: Foul Ball, location: 2F 3-2: Strikes out looking
|
Bottom of the 3rd over - 0 runs, 0 hits, 0 errors, 1 left on base; Kingsport 2 - Chicago (APP) 1 |
TOP OF THE 4TH |
Kingsport Mets batting - Pitching for Chicago (APP) Cubs : RHP Karl Stuart
|
Batting: RHB Kyle Holland
|
0-0: Ball 1-0: Ball 2-0: DOUBLE (Groundball, 5L, EV 103.1 MPH)
|
Batting: RHB Steve Page
|
0-0: Ball 1-0: Called Strike 1-1: 2-RUN HOME RUN (Flyball, 7D, EV 100.6 MPH), Distance : 397 ft
|
Batting: SHB Jason Evans
|
0-0: Foul Ball, location: 2F 0-1: SINGLE (Groundball, 6M, EV 105.6 MPH) (infield hit)
|
Batting: RHB Danny Runberg
|
0-0: Called Strike 0-1: Swinging Strike 0-2: Ball 1-2: Foul Ball, location: 2F 1-2: Ball 2-2: Strikes out swinging
|
Batting: SHB Callum Lynch
|
0-0: Ball Jason Evans is caught stealing 2nd base 2-6 1-0: Ball 2-0: Foul Ball, location: 2F 2-1: Ball 3-1: SINGLE (Line Drive, 3D, EV 103.1 MPH)
|
Batting: RHB Jack Nickleberry
|
0-0: SINGLE (Groundball, 56D, EV 107.5 MPH) Callum Lynch to second
|
Batting: LHB Mototsune Suzuki
|
0-0: Ball 1-0: Foul Ball, location: 2F 1-1: Ball 2-1: Foul Ball, location: 2F 2-2: Foul Ball, location: 2F 2-2: Strikes out swinging
|
Top of the 4th over - 2 runs, 5 hits, 0 errors, 2 left on base; Kingsport 4 - Chicago (APP) 1 |
BOTTOM OF THE 4TH |
Chicago (APP) Cubs batting - Pitching for Kingsport Mets : RHP Gabe Kelso
|
Batting: RHB Tak-keung Chieu
|
0-0: Called Strike 0-1: Foul Ball, location: 2F 0-2: Ball 1-2: Ball 2-2: Fly out, F9 (Flyball, 9, EV 84.4 MPH)
|
Batting: RHB Ryan Bush
|
0-0: Called Strike 0-1: Hit by Pitch
|
Batting: SHB Gabriel Cruz
|
0-0: Called Strike Ryan Bush steals 2nd, throwing error, E2 Ryan Bush to third 0-1: Called Strike 0-2: Foul Ball, location: 2F 0-2: 2-RUN HOME RUN (Flyball, 7D, EV 97.5 MPH), Distance : 396 ft
|
Batting: LHB Mark Ingram
|
0-0: Ball 1-0: Foul Ball, location: 2F 1-1: Ball 2-1: Foul Ball, location: 2F 2-2: Ball 3-2: Base on Balls
|
Batting: RHB Han-seung Hah
|
0-0: Foul Ball, location: 2F 0-1: Ball 1-1: DOUBLE (Line Drive, 5D, EV 108.8 MPH) Mark Ingram to third Runner from 3rd tries for Home, SAFE, throw by LF to home
|
Batting: RHB Randy Schmitt
|
0-0: Swinging Strike 0-1: Foul Ball, location: 2F 0-2: Foul Ball, location: 2F 0-2: Foul Ball, location: 2F 0-2: Ground out 1-3 (Groundball, P, EV 76.3 MPH) Han-seung Hah to third
|
Batting: RHB Jake Mitchell
|
0-0: Ball 1-0: Ball Wild Pitch! Han-seung Hah scores 2-0: Fly out, F7 (Flyball, 7D, EV 98.1 MPH)
|
Bottom of the 4th over - 4 runs, 2 hits, 1 error, 0 left on base; Kingsport 4 - Chicago (APP) 5 |
TOP OF THE 5TH |
Kingsport Mets batting - Pitching for Chicago (APP) Cubs : RHP Karl Stuart
|
Batting: RHB John Jones
|
0-0: Foul Ball, location: 2F 0-1: Ball 1-1: Called Strike 1-2: Strikes out swinging
|
Batting: RHB Josh Jones
|
0-0: Ball 1-0: Swinging Strike 1-1: Fly out, F9 (Flyball, 89S, EV 88.8 MPH)
|
Batting: RHB Kyle Holland
|
0-0: Ball 1-0: Ball 2-0: Ball 3-0: Base on Balls
|
Batting: RHB Steve Page
|
0-0: Swinging Strike 0-1: Called Strike 0-2: Ball 1-2: Foul Ball, location: 2F 1-2: Ball 2-2: Ball 3-2: Fly out, F8 (Flyball, 78XD, EV 90.0 MPH)
|
Top of the 5th over - 0 runs, 0 hits, 0 errors, 1 left on base; Kingsport 4 - Chicago (APP) 5 |
BOTTOM OF THE 5TH |
Chicago (APP) Cubs batting - Pitching for Kingsport Mets : RHP Gabe Kelso
|
Batting: RHB Andy Huntley
|
0-0: SINGLE (Line Drive, 89S, EV 99.4 MPH)
|
Batting: RHB Leonardo Nava
|
0-0: Foul Ball, location: 2F 0-1: Swinging Strike 0-2: Strikes out swinging
|
Batting: RHB Tak-keung Chieu
|
0-0: Ball Andy Huntley steals 2nd base 1-0: Ball 2-0: Ball 3-0: Foul Ball, location: 2F 3-1: SINGLE (Line Drive, 9S, EV 96.3 MPH) Andy Huntley to third Runner from 3rd tries for Home, SAFE, throw by RF to home
|
Pitching: LHP Tony Diaz
|
|
Batting: RHB Ryan Bush
|
0-0: Ball 1-0: Fly out, F9 (Flyball, 89D, EV 105.0 MPH)
|
Batting: SHB Gabriel Cruz
|
0-0: Ball 1-0: Ball 2-0: Called Strike 2-1: Ball 3-1: Base on Balls Tak-keung Chieu to second
|
Batting: LHB Mark Ingram
|
0-0: Foul Ball, location: 2F 0-1: Foul Ball, location: 2F 0-2: Ball 1-2: Foul Ball, location: 2F 1-2: Ball 2-2: Strikes out swinging
|
Bottom of the 5th over - 1 run, 2 hits, 0 errors, 2 left on base; Kingsport 4 - Chicago (APP) 6 |
TOP OF THE 6TH |
Kingsport Mets batting - Pitching for Chicago (APP) Cubs : RHP Karl Stuart
|
Batting: SHB Jason Evans
|
0-0: Ball 1-0: Swinging Strike 1-1: DOUBLE (Line Drive, 78D, EV 99.4 MPH)
|
Batting: RHB Danny Runberg
|
0-0: Foul Ball, location: 2F 0-1: Ground out 5-3 (Groundball, 56, EV 86.3 MPH)
|
Batting: SHB Callum Lynch
|
0-0: Swinging Strike 0-1: Ball 1-1: Ball 2-1: Called Strike 2-2: Ball 3-2: Foul Ball, location: 2F 3-2: Base on Balls
|
Batting: RHB Jack Nickleberry
|
0-0: Called Strike 0-1: Foul Ball, location: 2F 0-2: Foul Ball, location: 2F 0-2: Ball 1-2: Fly out, F9 (Flyball, 9D, EV 108.1 MPH) Runner from 2nd tags up, SAFE at 3rd, no throw by RF
|
Pitching: LHP Eddie Panagos
|
|
Batting: LHB Mototsune Suzuki
|
0-0: Swinging Strike 0-1: Ball 1-1: Called Strike 1-2: Strikes out swinging
|
Top of the 6th over - 0 runs, 1 hit, 0 errors, 2 left on base; Kingsport 4 - Chicago (APP) 6 |
BOTTOM OF THE 6TH |
Chicago (APP) Cubs batting - Pitching for Kingsport Mets : LHP Tony Diaz
|
Batting: RHB Han-seung Hah
|
0-0: Ball 1-0: Ball 2-0: Ball 3-0: Called Strike 3-1: Base on Balls
|
Batting: RHB Randy Schmitt
|
0-0: Ball 1-0: Ball 2-0: Foul Ball, location: 2F 2-1: Called Strike 2-2: Ball 3-2: Foul Ball, location: 2F 3-2: Foul Ball, location: 2F 3-2: Hit by Pitch Han-seung Hah to second
|
Batting: RHB Jake Mitchell
|
0-0: Called Strike 0-1: Ball 1-1: Called Strike 1-2: Foul Ball, location: 2F 1-2: Ball 2-2: SINGLE (Groundball, 56, EV 106.9 MPH) Han-seung Hah to third Randy Schmitt to second
|
Pitching: RHP Thomas Clark
|
|
Batting: RHB Andy Huntley
|
0-0: Ball 1-0: Called Strike 1-1: Ball 2-1: Foul Ball, location: 2F 2-2: Fly out, F9 (Flyball, 89S, EV 89.4 MPH)
|
Batting: RHB Leonardo Nava
|
0-0: Called Strike 0-1: Foul Ball, location: 2F 0-2: Ball 1-2: SINGLE (Groundball, 6MD, EV 103.1 MPH) Han-seung Hah scores Randy Schmitt to third Jake Mitchell to second Runner from 3rd tries for Home, SAFE, throw by CF to home
|
Batting: RHB Tak-keung Chieu
|
0-0: Ball 1-0: Ball 2-0: Called Strike 2-1: Called Strike 2-2: Ball 3-2: Base on Balls Jake Mitchell to third Leonardo Nava to second
|
Batting: RHB Ryan Bush
|
0-0: Ball 1-0: Foul Ball, location: 2F 1-1: Ball 2-1: GRAND SLAM HOME RUN (Line Drive, 78XD, EV 116.3 MPH), Distance : 440 ft
|
Batting: SHB Gabriel Cruz
|
0-0: Ball 1-0: Called Strike 1-1: Foul Ball, location: 2F 1-2: Foul Ball, location: 2F 1-2: Ball 2-2: Ball 3-2: Strikes out swinging
|
Batting: LHB Mark Ingram
|
0-0: Foul Ball, location: 2F 0-1: Ball 1-1: Ball 2-1: Foul Ball, location: 2F 2-2: Fly out, F9 (Line Drive, 9, EV 93.8 MPH)
|
Bottom of the 6th over - 6 runs, 3 hits, 0 errors, 0 left on base; Kingsport 4 - Chicago (APP) 12 |
TOP OF THE 7TH |
Kingsport Mets batting - Pitching for Chicago (APP) Cubs : LHP Eddie Panagos
|
Batting: RHB John Jones
|
0-0: Ball 1-0: Called Strike 1-1: Swinging Strike 1-2: Ball 2-2: Strikes out swinging
|
Batting: RHB Josh Jones
|
0-0: Ball 1-0: Ball 2-0: Ball 3-0: Called Strike 3-1: Ground out 4-3 (Groundball, 4, EV 89.4 MPH)
|
Batting: RHB Kyle Holland
|
0-0: Ball 1-0: Called Strike 1-1: Swinging Strike 1-2: Foul Ball, location: 2F 1-2: Foul Ball, location: 2F 1-2: Strikes out swinging
|
Top of the 7th over - 0 runs, 0 hits, 0 errors, 0 left on base; Kingsport 4 - Chicago (APP) 12 |
BOTTOM OF THE 7TH |
Chicago (APP) Cubs batting - Pitching for Kingsport Mets : RHP Thomas Clark
|
Pitching: RHP Marvin Merino
|
|
Batting: RHB Han-seung Hah
|
0-0: Called Strike 0-1: Ball 1-1: Foul Ball, location: 2F 1-2: Ball 2-2: TRIPLE (Flyball, 78XD, EV 103.8 MPH)
|
Batting: RHB Randy Schmitt
|
0-0: Swinging Strike 0-1: Foul Ball, location: 2F 0-2: Ground out 1-3 (Groundball, 13S, EV 65.6 MPH)
|
Batting: RHB Jake Mitchell
|
0-0: Swinging Strike 0-1: Ball 1-1: Ball 2-1: DOUBLE (Flyball, 8RXD, EV 103.8 MPH) Han-seung Hah scores
|
Batting: RHB Andy Huntley
|
0-0: Ball 1-0: Ball 2-0: Called Strike 2-1: Ball 3-1: Base on Balls
|
Batting: RHB Leonardo Nava
|
0-0: Foul Ball, location: 2F 0-1: Called Strike 0-2: Strikes out swinging
|
Batting: RHB Tak-keung Chieu
|
0-0: Foul Ball, location: 2F 0-1: Foul Ball, location: 2F 0-2: Ball 1-2: SINGLE (Groundball, 6M, EV 103.8 MPH) (infield hit) Jake Mitchell to third Andy Huntley to second
|
Batting: RHB Ryan Bush
|
0-0: Called Strike 0-1: Ball 1-1: Ball 2-1: Foul Ball, location: 2F 2-2: Strikes out swinging
|
Bottom of the 7th over - 1 run, 3 hits, 0 errors, 3 left on base; Kingsport 4 - Chicago (APP) 13 |
TOP OF THE 8TH |
Kingsport Mets batting - Pitching for Chicago (APP) Cubs : LHP Eddie Panagos
|
Batting: RHB Steve Page
|
0-0: Called Strike 0-1: Ball 1-1: Foul Ball, location: 2F 1-2: Ball 2-2: Foul Ball, location: 2F 2-2: Ball 3-2: Strikes out swinging
|
Batting: SHB Jason Evans
|
0-0: Ball 1-0: Ball 2-0: Called Strike 2-1: Foul Ball, location: 2F 2-2: Ball 3-2: Foul Ball, location: 2F 3-2: Foul Ball, location: 2F 3-2: Base on Balls
|
Batting: RHB Danny Runberg
|
0-0: Called Strike 0-1: Foul Ball, location: 2F 0-2: Strikes out looking
|
Batting: SHB Callum Lynch
|
0-0: Ball 1-0: Called Strike 1-1: Fly out, F8 (Flyball, 8LS, EV 89.4 MPH)
|
Top of the 8th over - 0 runs, 0 hits, 0 errors, 1 left on base; Kingsport 4 - Chicago (APP) 13 |
BOTTOM OF THE 8TH |
Chicago (APP) Cubs batting - Pitching for Kingsport Mets : RHP Marvin Merino
|
Batting: SHB Gabriel Cruz
|
0-0: Ball 1-0: Swinging Strike 1-1: Foul Ball, location: 2F 1-2: Strikes out swinging
|
Pitching: LHP Mike Mathews
|
|
Batting: LHB Mark Ingram
|
0-0: DOUBLE (Line Drive, 9LM, EV 106.3 MPH)
|
Batting: RHB Han-seung Hah
|
0-0: Foul Ball, location: 2F 0-1: Swinging Strike 0-2: Ball 1-2: Strikes out looking
|
Batting: RHB Randy Schmitt
|
0-0: Ball 1-0: Swinging Strike 1-1: Ball 2-1: Ball 3-1: Base on Balls
|
Batting: RHB Jake Mitchell
|
0-0: Ball 1-0: Called Strike 1-1: Ball 2-1: Ball 3-1: Base on Balls Mark Ingram to third Randy Schmitt to second
|
Batting: RHB Andy Huntley
|
0-0: Swinging Strike 0-1: Called Strike 0-2: Ball 1-2: Ball 2-2: Ball 3-2: Ground out 5-3 (Groundball, 56, EV 102.5 MPH)
|
Bottom of the 8th over - 0 runs, 1 hit, 0 errors, 3 left on base; Kingsport 4 - Chicago (APP) 13 |
TOP OF THE 9TH |
Kingsport Mets batting - Pitching for Chicago (APP) Cubs : LHP Eddie Panagos
|
Batting: RHB Jack Nickleberry
|
0-0: SINGLE (Groundball, 56D, EV 94.4 MPH)
|
Pitching: RHP Ryan Masterson
|
|
Batting: LHB Mototsune Suzuki
|
0-0: Called Strike 0-1: Ball 1-1: Swinging Strike 1-2: Foul Ball, location: 2F 1-2: Ball 2-2: Strikes out swinging
|
Batting: RHB John Jones
|
0-0: Ball 1-0: Ball 2-0: Foul Ball, location: 2F 2-1: Ball 3-1: Ground out 6-3 (Groundball, 6MS, EV 86.3 MPH) Jack Nickleberry to second
|
Batting: RHB Josh Jones
|
0-0: Called Strike 0-1: Ball 1-1: Called Strike 1-2: Ball 2-2: Foul Ball, location: 2F 2-2: Strikes out swinging
|
Top of the 9th over - 0 runs, 1 hit, 0 errors, 1 left on base; Kingsport 4 - Chicago (APP) 13 |
|